PL
PHILADELPHIA 1776 BC @ VANCOUVER GREY WOLVES
08/30/2034
 
TOP OF THE 1ST
Philadelphia 1776 BC batting - Pitching for Vancouver Grey Wolves : LHP Andrew Moody
Pitching: LHP Andrew Moody
Batting: LHB Kelvin Abbott 0-0: Ball
1-0: Ground out 4-3 (Groundball, 4)
Batting: RHB Mario Castillo 0-0: Ball
1-0: Foul Ball, location: 2F
1-1: Swinging Strike
1-2: Ball
2-2: Ball
3-2: SINGLE (Line Drive, 6D)
Batting: RHB Eddie Sachs 0-0: Foul Ball, location: 2F
0-1: Swinging Strike
0-2: Ball
1-2: Ball
2-2: 2-RUN HOME RUN (Line Drive, 7LD), Distance : 330 ft
Batting: RHB Karl Blanke 0-0: Ball
1-0: Ball
2-0: Ball
3-0: Called Strike
3-1: Swinging Strike
3-2: Strikes out looking
Batting: RHB Phil Moore 0-0: Ball
1-0: Ball
2-0: Foul Ball, location: 2F
2-1: Swinging Strike
2-2: Strikes out looking
Top of the 1st over - 2 runs, 2 hits, 0 errors, 0 left on base; Philadelphia 1776 2 - Vancouver 0
BOTTOM OF THE 1ST
Vancouver Grey Wolves batting - Pitching for Philadelphia 1776 BC : LHP José Cotilla
Pitching: LHP José Cotilla
Batting: RHB Urs van Munster 0-0: Swinging Strike
0-1: SINGLE (Line Drive, 56D)
Batting: RHB Hugh Mungus 0-0: Called Strike
0-1: Called Strike
0-2: Ball
1-2: Foul Ball, location: 2F
1-2: Foul Ball, location: 2F
1-2: Strikes out swinging
Batting: RHB José Jarca 0-0: Called Strike
0-1: Ball
1-1: Grounds into double play, 4-6-3 (Groundball, 4)
Bottom of the 1st over - 0 runs, 1 hit, 0 errors, 0 left on base; Philadelphia 1776 2 - Vancouver 0
TOP OF THE 2ND
Philadelphia 1776 BC batting - Pitching for Vancouver Grey Wolves : LHP Andrew Moody
Batting: RHB Tim Burney 0-0: Foul Ball, location: 2F
0-1: Called Strike
0-2: Hit by Pitch
Batting: LHB Manoo Satyavrat 0-0: Swinging Strike
0-1: DOUBLE (Line Drive, 5D)
Tim Burney to third
Batting: SHB Sam Quint 0-0: Ball
1-0: Foul Ball, location: 2F
1-1: Ball
2-1: Foul Ball, location: 2F
2-2: Ground out 4-3 (Groundball, 4)
Tim Burney scores
Manoo Satyavrat to third
Batting: LHB Hai-feng Tang 0-0: Called Strike
0-1: Ball
1-1: Foul Ball, location: 2F
1-2: Foul Ball, location: 2F
1-2: Foul Ball, location: 2F
1-2: Ball
2-2: Ball
3-2: Foul Ball, location: 2F
3-2: Base on Balls
Batting: LHB Kelvin Abbott 0-0: Ball
1-0: Ball
2-0: Ball
3-0: Fly out, F8 (Flyball, 8RM)
Runner from 3rd tags up, SCORES, no throw
Batting: RHB Mario Castillo 0-0: Foul Ball, location: 2F
0-1: Ball
1-1: Foul Ball, location: 2F
1-2: Foul Ball, location: 2F
1-2: Strikes out swinging
Top of the 2nd over - 2 runs, 1 hit, 0 errors, 1 left on base; Philadelphia 1776 4 - Vancouver 0
BOTTOM OF THE 2ND
Vancouver Grey Wolves batting - Pitching for Philadelphia 1776 BC : LHP José Cotilla
Batting: RHB Iván Vega 0-0: Ball
1-0: Ball
2-0: Called Strike
2-1: SINGLE (Flyball, 8LS) - OUT at second base trying to stretch hit.
Batting: LHB Michael Malloy 0-0: Ball
1-0: Foul Ball, location: 2F
1-1: Swinging Strike
1-2: Strikes out swinging
Batting: RHB Ángelo Delgado 0-0: Called Strike
0-1: Ball
1-1: Foul Ball, location: 2F
1-2: Fly out, F9 (Flyball, 9D)
Bottom of the 2nd over - 0 runs, 1 hit, 0 errors, 0 left on base; Philadelphia 1776 4 - Vancouver 0
TOP OF THE 3RD
Philadelphia 1776 BC batting - Pitching for Vancouver Grey Wolves : LHP Andrew Moody
Batting: RHB Eddie Sachs 0-0: Ground out 1-3 (Groundball, 13S)
Batting: RHB Karl Blanke 0-0: Ball
1-0: Ball
2-0: Ball
3-0: Base on Balls
Batting: RHB Phil Moore 0-0: Foul Ball, location: 2F
0-1: Ground out 3-1 (Groundball, 34S)
Karl Blanke to second
Batting: RHB Tim Burney 0-0: Called Strike
0-1: Foul Ball, location: 2F
0-2: Foul Ball, location: 2F
0-2: Ground out 6-3 (Groundball, 6)
Top of the 3rd over - 0 runs, 0 hits, 0 errors, 1 left on base; Philadelphia 1776 4 - Vancouver 0
BOTTOM OF THE 3RD
Vancouver Grey Wolves batting - Pitching for Philadelphia 1776 BC : LHP José Cotilla
Batting: LHB Johan Kroening 0-0: Called Strike
0-1: Ball
1-1: Foul Ball, location: 2F
1-2: Ball
2-2: Ball
3-2: Foul Ball, location: 2F
3-2: Base on Balls
Batting: RHB Hani Azwan 0-0: Grounds into double play, 5-4-3 (Groundball, 56)
Batting: LHB Gerardo Ponce de Leon 0-0: SINGLE (Groundball, 4MD)
Batting: RHB Urs van Munster 0-0: Foul Ball, location: 2F
0-1: Ball
1-1: Ball
2-1: Ball
3-1: Base on Balls
Gerardo Ponce de Leon to second
Batting: RHB Hugh Mungus 0-0: Ball
1-0: Ball
2-0: Called Strike
2-1: Ball
3-1: Fielders Choice at 2nd, 5-4 (Groundball, 5)
Bottom of the 3rd over - 0 runs, 1 hit, 0 errors, 2 left on base; Philadelphia 1776 4 - Vancouver 0
TOP OF THE 4TH
Philadelphia 1776 BC batting - Pitching for Vancouver Grey Wolves : LHP Andrew Moody
Batting: LHB Manoo Satyavrat 0-0: Ground out 1-3 (Groundball, 13S)
Batting: SHB Sam Quint 0-0: Called Strike
0-1: Ball
1-1: Swinging Strike
1-2: Fly out, F7 (Flyball, 7)
Batting: LHB Hai-feng Tang 0-0: Ball
1-0: Called Strike
1-1: Swinging Strike
1-2: Ball
2-2: Strikes out swinging
Top of the 4th over - 0 runs, 0 hits, 0 errors, 0 left on base; Philadelphia 1776 4 - Vancouver 0
BOTTOM OF THE 4TH
Vancouver Grey Wolves batting - Pitching for Philadelphia 1776 BC : LHP José Cotilla
Batting: RHB José Jarca 0-0: Ball
1-0: Ball
2-0: DOUBLE (Line Drive, 7LM)
Pinch Runner at 2nd Gabriel Hernández:
Batting: RHB Iván Vega 0-0: Ball
1-0: Ball
2-0: SINGLE (Groundball, 56D)
Gabriel Hernández to third
Batting: LHB Michael Malloy 0-0: Called Strike
0-1: Ball
1-1: Ball
2-1: Foul Ball, location: 2F
2-2: Foul Ball, location: 2F
2-2: Foul Ball, location: 2F
2-2: Fly out, F8 (Line Drive, 89M)
Runner from 3rd tags up, SCORES, no throw
Batting: RHB Ángelo Delgado 0-0: Ball
1-0: Foul Ball, location: 2F
1-1: Foul Ball, location: 2F
1-2: Ball
2-2: Ball
3-2: Grounds into double play, 4-6-3 (Groundball, 4)
Bottom of the 4th over - 1 run, 2 hits, 0 errors, 0 left on base; Philadelphia 1776 4 - Vancouver 1
TOP OF THE 5TH
Philadelphia 1776 BC batting - Pitching for Vancouver Grey Wolves : LHP Andrew Moody
Now at 2B: Gabriel Hernández
Batting: LHB Kelvin Abbott 0-0: Called Strike
0-1: Ball
1-1: Called Strike
1-2: Strikes out looking
Batting: RHB Mario Castillo 0-0: Ball
1-0: Foul Ball, location: 2F
1-1: Foul Ball, location: 2F
1-2: Strikes out looking
Batting: RHB Eddie Sachs 0-0: Called Strike
0-1: Ball
1-1: Ball
2-1: Called Strike
2-2: Foul Ball, location: 2F
2-2: Strikes out swinging
Top of the 5th over - 0 runs, 0 hits, 0 errors, 0 left on base; Philadelphia 1776 4 - Vancouver 1
BOTTOM OF THE 5TH
Vancouver Grey Wolves batting - Pitching for Philadelphia 1776 BC : LHP José Cotilla
Batting: LHB Johan Kroening 0-0: Called Strike
0-1: SINGLE (Flyball, 9LS)
Batting: RHB Hani Azwan 0-0: Called Strike
0-1: Ball
1-1: Swinging Strike
1-2: Strikes out swinging
Batting: LHB Gerardo Ponce de Leon 0-0: Called Strike
0-1: Ball
1-1: Ball
2-1: Swinging Strike
2-2: Ball
3-2: Foul Ball, location: 2F
3-2: Foul Ball, location: 2F
3-2: SINGLE (Flyball, 9S)
Johan Kroening to second
Johan Kroening to third
Batting: RHB Urs van Munster 0-0: Ball
1-0: Ball
2-0: Foul Ball, location: 2F
2-1: TRIPLE (Line Drive, 78XD)
Johan Kroening scores
Gerardo Ponce de Leon scores
Batting: RHB Hugh Mungus 0-0: Foul Ball, location: 2F
0-1: Ground out 6-3 (Groundball, 6)
Urs van Munster scores
Batting: RHB Gabriel Hernández 0-0: Swinging Strike
0-1: Called Strike
0-2: Ball
1-2: Strikes out swinging
Bottom of the 5th over - 3 runs, 3 hits, 0 errors, 0 left on base; Philadelphia 1776 4 - Vancouver 4
TOP OF THE 6TH
Philadelphia 1776 BC batting - Pitching for Vancouver Grey Wolves : LHP Andrew Moody
Batting: RHB Karl Blanke 0-0: Foul Ball, location: 2F
0-1: Ball
1-1: Called Strike
1-2: Ball
2-2: SINGLE (Groundball, 4MD)
Batting: RHB Phil Moore 0-0: Called Strike
0-1: 2-RUN HOME RUN (Flyball, 7D), Distance : 352 ft
Pitching: RHP José Larranaga
Batting: RHB Tim Burney 0-0: Called Strike
0-1: Foul Ball, location: 2F
0-2: Strikes out swinging
Batting: LHB Manoo Satyavrat 0-0: Called Strike
0-1: SINGLE (Groundball, 4D)
Batting: SHB Sam Quint 0-0: Called Strike
Manoo Satyavrat steals 2nd base
0-1: Ball
1-1: Called Strike
Manoo Satyavrat steals 3rd base
1-2: Fly out, F6 (Line Drive, 6M)
Batting: LHB Hai-feng Tang 0-0: Foul Ball, location: 2F
0-1: Ball
1-1: Swinging Strike
1-2: SINGLE (Groundball, 56D)
Manoo Satyavrat scores
Batting: LHB Kelvin Abbott 0-0: Ball
1-0: Ball
2-0: Foul Ball, location: 2F
2-1: Fly out, F4 (Line Drive, 4)
Top of the 6th over - 3 runs, 4 hits, 0 errors, 1 left on base; Philadelphia 1776 7 - Vancouver 4
BOTTOM OF THE 6TH
Vancouver Grey Wolves batting - Pitching for Philadelphia 1776 BC : LHP José Cotilla
Batting: RHB Iván Vega 0-0: Ball
1-0: Ball
2-0: Ball
3-0: Base on Balls
Batting: LHB Michael Malloy 0-0: Ball
1-0: Foul Ball, location: 2F
1-1: Ball
2-1: Swinging Strike
2-2: Foul Ball, location: 2F
2-2: Foul Ball, location: 2F
2-2: Ball
3-2: Foul Ball, location: 2F
3-2: Fly out, F7 (Flyball, 7)
Batting: RHB Ángelo Delgado 0-0: Called Strike
0-1: Ball
1-1: Foul Ball, location: 2F
1-2: Ball
2-2: Ball
3-2: Base on Balls
Iván Vega to second
Batting: LHB Johan Kroening 0-0: Ball
1-0: Ball
2-0: Called Strike
2-1: Fielders Choice at 2nd, 4-6 (Groundball, 4)
Iván Vega to third
Batting: RHB Hani Azwan 0-0: Fly out, F9 (Flyball, 89M)
Bottom of the 6th over - 0 runs, 0 hits, 0 errors, 2 left on base; Philadelphia 1776 7 - Vancouver 4
TOP OF THE 7TH
Philadelphia 1776 BC batting - Pitching for Vancouver Grey Wolves : RHP José Larranaga
Batting: RHB Mario Castillo 0-0: Called Strike
0-1: SINGLE (Groundball, 5) (infield hit)
Batting: RHB Eddie Sachs 0-0: Called Strike
0-1: Swinging Strike
0-2: Ball
1-2: Ball
2-2: SINGLE (Groundball, 56D)
Mario Castillo to second
Pitching: LHP Sergio Vargas
Batting: RHB Karl Blanke 0-0: Called Strike
0-1: Ball
1-1: SINGLE (Groundball, 6MD)
Mario Castillo to third
Eddie Sachs to second
Runner from 3rd tries for Home, SAFE, no throw
Batting: RHB Phil Moore 0-0: Foul Ball, location: 2F
0-1: Called Strike
0-2: Foul Ball, location: 2F
0-2: Ball
1-2: Ball
2-2: Foul Ball, location: 2F
2-2: SINGLE (Flyball, 8RS)
Eddie Sachs to third
Karl Blanke to second
Batting: RHB Tim Burney 0-0: Foul Ball, location: 2F
0-1: Ball
1-1: Ball
2-1: Grounds into fielders choice 6-2 (Groundball, 56)
Karl Blanke to third
Phil Moore to second
Batting: LHB Manoo Satyavrat 0-0: Ball
1-0: Ball
2-0: Foul Ball, location: 2F
2-1: Called Strike
2-2: GRAND SLAM HOME RUN (Flyball, 9D), Distance : 334 ft
Batting: SHB Sam Quint 0-0: Called Strike
0-1: Ball
1-1: Ball
2-1: Fly out, F8 (Flyball, 8RXD)
Batting: LHB Hai-feng Tang 0-0: Ball
1-0: Swinging Strike
1-1: Ball
2-1: Swinging Strike
2-2: Ball
3-2: Strikes out swinging
Top of the 7th over - 5 runs, 5 hits, 0 errors, 0 left on base; Philadelphia 1776 12 - Vancouver 4
BOTTOM OF THE 7TH
Vancouver Grey Wolves batting - Pitching for Philadelphia 1776 BC : LHP José Cotilla
Batting: LHB Gerardo Ponce de Leon 0-0: Foul Ball, location: 2F
0-1: Ball
1-1: Foul Ball, location: 2F
1-2: Foul Ball, location: 2F
1-2: Foul Ball, location: 2F
1-2: Strikes out swinging
Pitching: RHP Greg Davis
Batting: RHB Urs van Munster 0-0: Ball
1-0: Foul Ball, location: 2F
1-1: Ball
2-1: Ball
3-1: Swinging Strike
3-2: Base on Balls
Batting: RHB Hugh Mungus 0-0: Ball
Urs van Munster steals 2nd base
1-0: Ball
Urs van Munster is caught stealing 3rd base
2-0: Foul Ball, location: 2F
2-1: Called Strike
2-2: SOLO HOME RUN (Flyball, 78XD), Distance : 393 ft
Batting: RHB Gabriel Hernández 0-0: Called Strike
0-1: Ball
1-1: Ball
2-1: Called Strike
2-2: Foul Ball, location: 2F
2-2: Ball
3-2: Foul Ball, location: 2F
3-2: Foul Ball, location: 2F
3-2: SINGLE (Groundball, 56D)
Batting: RHB Iván Vega 0-0: Called Strike
0-1: Foul Ball, location: 2F
0-2: Ball
1-2: Strikes out looking
Bottom of the 7th over - 1 run, 2 hits, 0 errors, 1 left on base; Philadelphia 1776 12 - Vancouver 5
TOP OF THE 8TH
Philadelphia 1776 BC batting - Pitching for Vancouver Grey Wolves : LHP Sergio Vargas
Batting: LHB Kelvin Abbott 0-0: Ball
1-0: Ball
2-0: Called Strike
2-1: Foul Ball, location: 2F
2-2: Fly out, F8 (Flyball, 78XD)
Batting: RHB Mario Castillo 0-0: Ball
1-0: Ball
2-0: Ground out 6-3 (Groundball, 56)
Batting: RHB Eddie Sachs 0-0: Called Strike
0-1: Called Strike
0-2: Foul Ball, location: 2F
0-2: Foul Ball, location: 2F
0-2: Ground out 6-3 (Groundball, 6)
Top of the 8th over - 0 runs, 0 hits, 0 errors, 0 left on base; Philadelphia 1776 12 - Vancouver 5
BOTTOM OF THE 8TH
Vancouver Grey Wolves batting - Pitching for Philadelphia 1776 BC : RHP Greg Davis
Batting: LHB Michael Malloy 0-0: SINGLE (Line Drive, 3D)
Batting: RHB Ángelo Delgado 0-0: Fly out, F8 (Flyball, 8RS)
Batting: LHB Johan Kroening 0-0: Swinging Strike
0-1: Ball
1-1: Foul Ball, location: 2F
1-2: Ball
2-2: Strikes out swinging
Batting: RHB Hani Azwan 0-0: Ball
1-0: Ball
2-0: Foul Ball, location: 2F
2-1: Swinging Strike
2-2: Fly out, F9 (Flyball, 89S)
Bottom of the 8th over - 0 runs, 1 hit, 0 errors, 1 left on base; Philadelphia 1776 12 - Vancouver 5
TOP OF THE 9TH
Philadelphia 1776 BC batting - Pitching for Vancouver Grey Wolves : LHP Sergio Vargas
Batting: RHB Karl Blanke 0-0: Ball
1-0: Ball
2-0: Called Strike
2-1: Ball
3-1: Foul Ball, location: 2F
3-2: Base on Balls
Batting: RHB Phil Moore 0-0: Ball
1-0: Ball
2-0: Foul Ball, location: 2F
2-1: Ball
3-1: SINGLE (Line Drive, 8LS)
Karl Blanke to second
Batting: RHB Tim Burney 0-0: Ball
1-0: Ball
2-0: Called Strike
2-1: Ball
Wild Pitch!
Karl Blanke to third
Phil Moore to second
3-1: Ground out 5-3 (Groundball, 56)
Karl Blanke scores
Pitching: RHP Edgardo Nava
Batting: LHB Manoo Satyavrat 0-0: Called Strike
0-1: Ball
1-1: Ball
2-1: Ball
3-1: Base on Balls
Batting: SHB Sam Quint 0-0: Ball
1-0: Grounds into double play, 3-6-3 (Groundball, 34)
Top of the 9th over - 1 run, 1 hit, 0 errors, 1 left on base; Philadelphia 1776 13 - Vancouver 5
BOTTOM OF THE 9TH
Vancouver Grey Wolves batting - Pitching for Philadelphia 1776 BC : RHP Greg Davis
Batting: LHB Gerardo Ponce de Leon 0-0: Called Strike
0-1: Swinging Strike
0-2: Fly out, F5 (Popup, 56S)
Batting: RHB Urs van Munster 0-0: Fly out, F8 (Flyball, 8LD)
Batting: RHB Hugh Mungus 0-0: Ball
1-0: SINGLE (Flyball, 7S)
Batting: RHB Gabriel Hernández 0-0: Ball
1-0: Ball
2-0: Ball
3-0: Foul Ball, location: 2F
3-1: Swinging Strike
3-2: Strikes out swinging
Bottom of the 9th over - 0 runs, 1 hit, 0 errors, 1 left on base; Philadelphia 1776 13 - Vancouver 5
Friday, March 29th, 2019 - OOTP Baseball 18.8 Build 76